Unix NetHack Version 3.7.0-59 Work-in-progress - last build Jun 11 2022 12:06:21 (957820c7457cdd9d3e79a92e84ff2cda0ad81c79,branch:master). Game began 2022-06-13 07:14:00, ended 2022-06-13 07:28:29. cathartes, neutral female gnomish Archeologist | .| . . . . 0| .| o.| ..f.| .@o.| ....| .| .- .. Cathartes the Digger St:12 Dx:9 Co:13 In:16 Wi:17 Ch:8 Neutral Dlvl:5 $:4 HP:0(12) Pw:3(3) AC:7 Xp:1/18 T:1176 Latest messages: You hear a D note squeak in the distance. You swap places with Satellite. Satellite bites the newt. The newt is killed! Satellite bites it. You swap places with Satellite. You see here a kobold corpse. You hear a C note squeak in the distance. You stop. Satellite is in the way! What do you want to use or apply? [ae-ilpuv or ?*] h You are beginning to feel weak. D - a green gem. What do you want to use or apply? [ae-ilpuv or ?*] g What do you want to rub on the stone? [$AD or ?*] D D - a worthless piece of green glass. What do you want to drop? [$a-iln-qt-vyzAD or ?*] D You drop a worthless piece of green glass. You swap places with Satellite. Satellite picks up a worthless piece of green glass. Satellite drops a worthless piece of green glass. What do you want to use or apply? [ae-ilpuv or ?*] a In what direction do you want to dig? [hykul>] > You start digging downward. You dig a pit in the floor. What do you want to use or apply? [ae-ilpuv or ?*] a In what direction do you want to dig? [hykul>] > You start digging downward. You dig a hole through the floor. You fall through... Are you sure you want to pray? [yn] (n) y You begin praying to Camaxtli. You are surrounded by a shimmering light. Satellite misses Ogula of Baneagris. Ogula of Baneagris starts to attack you, but pulls back. Aizuruk of Baneagris starts to attack you, but pulls back. Satellite bites Ogula of Baneagris. Ogula of Baneagris is killed! You finish your prayer. You feel that Camaxtli is pleased. Your stomach feels content. You miss Aizuruk of Baneagris. Satellite eats a hill orc corpse named Ogula of Baneagris. You miss Aizuruk of Baneagris. Aizuruk of Baneagris wields a curved sword! You hit Aizuruk of Baneagris. You miss Aizuruk of Baneagris. Aizuruk of Baneagris swings his curved sword. Aizuruk of Baneagris hits! You die... Do you want your possessions identified? [ynq] (y) q Major events: Turn 1: cathartes the neutral female gnomish Archeologist entered the dungeon 499: entered the Gnomish Mines 1170: reached Mine Town 1176: killed by a hill orc called Aizuruk of Baneagris Inventory: Coins $ - 4 gold pieces Weapons y - an uncursed +0 dagger z - a cursed -1 dagger e - an uncursed +2 bullwhip (alternate weapon; not wielded) Armor c - an uncursed +0 fedora (being worn) t - an uncursed +0 pair of iron shoes (being worn) b - a blessed +0 leather jacket (being worn) Tools h - an uncursed sack containing 7 items u - an uncursed wooden flute l - an uncursed leash (attached to Satellite) i - an uncursed magic marker (0:67) a - an uncursed +0 pick-axe (weapon in hand) v - a cursed tin whistle f - an uncursed tinning kit (0:80) Scrolls q - an uncursed scroll of enchant weapon Potions o - a blessed potion of confusion n - a blessed potion of object detection Comestibles d - 3 uncursed food rations Spellbooks p - an uncursed spellbook of wizard lock Gems/Stones A - an uncursed worthless piece of yellowish brown glass g - an uncursed touchstone Contents of the sack: 752 gold pieces an uncursed ring of poison resistance an uncursed scroll of earth an uncursed scroll of punishment an uncursed scroll of remove curse a blessed potion of gain ability an uncursed spellbook of cure blindness Cathartes the Archeologist's attributes: Background: You were a Digger, a level 1 female gnomish Archeologist. You were neutral, on a mission for Camaxtli who was opposed by Quetzalcoatl (lawful) and Huhetotl (chaotic). You were in the Gnomish Mines, on level 5. You entered the dungeon 1176 turns ago. There was a full moon in effect when your adventure ended. You had 18 experience points, 2 more were needed to attain level 2. Basics: You had 0 out of 12 hit points. You had all 3 energy points (spell power). Your armor class was 7. Your wallet contained 4 zorkmids. Autopickup was on for '$_*' plus thrown, with exceptions. Final Characteristics: Your strength was 12 (limit:18/50). Your dexterity was 9 (limit:18). Your constitution was 13 (limit:18). Your intelligence was 16 (limit:19). Your wisdom was 17 (limit:18). Your charisma was 8 (limit:18). Final Status: You were not hungry. You were unencumbered. You were wielding a pick-axe. You had basic skill with pick-axe. Final Attributes: You were fervently aligned. You had infravision. You were stealthy. You were fast. You were lucky. You are dead. Miscellaneous: You disabled loading of bones levels. Total elapsed playing time was 14 minutes and 27 seconds. Vanquished creatures: a shrieker a gnome leader 2 dwarves a hill orc 3 hobbits a giant rat a brown mold 2 gnomes 3 geckos 3 jackals a kobold 9 grid bugs 3 bats 3 lichens 2 kobold zombies 4 newts 40 creatures vanquished. No species were genocided or became extinct. Voluntary challenges: You followed a strict vegan diet. You read items or engraved 1 time. You engraved Elbereth 1 time. You never genocided any monsters. You never polymorphed an object. You never changed form. You used no wishes. Achievements: You entered the Gnomish Mines. You entered Minetown. The Dungeons of Doom: levels 1 to 2 Level 1: A grave. Level 2: Some fountains. Stairs down to The Gnomish Mines. The Gnomish Mines: levels 3 to 5 Level 3: Level 4: Level 5: <- You were here. Final resting place for you, killed by a hill orc called Aizuruk of Baneagris. Game over: ---------- / \ / REST \ / IN \ / PEACE \ / \ | cathartes | | 756 Au | | killed by a hill | | orc called | | Aizuruk of | | Baneagris | | 2022 | *| * * * | * _________)/\\_//(\/(/\)/\//\/|_)_______ Goodbye cathartes the Archeologist... You died in The Gnomish Mines on dungeon level 5 with 953 points, and 756 pieces of gold, after 1176 moves. You were level 1 with a maximum of 12 hit points when you died.